Workbook
Name ArchComplexity: 'A & E Fee Calculator'!$O$7:$S$7
Name ArchPercentages: 'A & E Fee Calculator'!$O$8:$S$30
Name ArchProjectAmounts: 'A & E Fee Calculator'!$N$8:$N$30
Name EngComplexity: 'A & E Fee Calculator'!$V$7:$X$7
Name EngPercentages: 'A & E Fee Calculator'!$V$8:$X$26
Name EngProjectAmounts: 'A & E Fee Calculator'!$U$8:$U$26
Name Print: 'CBE Improvements'!$A$16:$L$62

Sheet CBE Improvements
A1: Capital Improvement Projects | I1: SENATE
A2: FY2028 Capital Budget Estimate (CBE) | I2: HOUSE OF REPRESENTATIVES
G3: DFCM FORM DATE: SEPTEMBER 2026 | I3: LEGISLATIVE RESEARCH & GENERAL COUNSEL
A4: Project Name | I4: LEGISLATIVE FISCAL ANALYST
A5: Agency/Institution | I5: LEGISLATIVE AUDITOR GENERAL
A6: Project Manager | E6: Risk ID | I6: JUDICIAL BRANCH
A7: CBE Date | E7: Project Type | I7: CAPITOL PRESERVATION BOARD
A8: For capitalization purposes, please check all that apply: | I8: STATE TREASURER
A9: FALSE | B9: Expansion or Upgrade/Enhancement: Projects that make an existing asset significantly bigger or better, or significantly improve the strength, | I9: GOVERNOR'S OFFICE
B10: lifespan, or reliability of an existing structure or system. This includes expanding a building, installing new systems (like drainage), adding | I10: GOVERNOR'S OFFICE OF ECONOMIC DEVELOPMENT
B11: (like fencing), and making improvements that significantly increase efficiency, save energy, expand capacity, improve how things work, involve | I11: ATTORNEY GENERAL
B12: new permanent features technology (like a new HVAC system), or reinforce a bridge or replacing a roof with better materials to make it last | I12: UTAH STATE AUDITOR
B13: longer. Upgrade or enhancement must make a significant noticeable change. | I13: TAX COMMISSION
A14: FALSE | B14: New Construction: Projects that create entirely new assets, such as new buildings, roads, and bridges. This also includes the design work, | I14: DEPT OF GOVERNMENT OPERATIONS
B15: permits, and software needed for these new projects. | I15: NAVAJO TRUST ADMINISTRATION
A16: FALSE | B16: Restoration or Replacement: Projects that bring an existing building or structure back to its original condition using similar materials for | I16: DEPT OF PUBLIC SAFETY
B17: repairs or replacements, without adding any upgrades. | I17: UTAH NATIONAL GUARD
I18: DEPT OF HEALTH AND HUMAN SERVICES - OTHER
A19: Construction Costs (The Construction Cost Estimator tab can be used to help calculate these costs) | I19: DEPT OF HEALTH AND HUMAN SERVICES - HEALTH
A20: Construction Costs | I20: DEPT OF HEALTH AND HUMAN SERVICES - USDC
A21: Additional Construction Items | I21: DEPT OF HEALTH AND HUMAN SERVICES - USH
A22: Location Factor | I22: DEPT OF HEALTH AND HUMAN SERVICES - JJS
A23: Total Estimated Construction | D23: =SUM(D20:D22) -> 0 | I23: DFCM - STATEWIDE FUNDS
I24: DFCM - MULTI-TENANT
A25: Other | I25: DEPT OF CORRECTIONS - OTHER
A26: Design Fees | D26: =+'A & E Fee Calculator'!G21 -> 0 | E26: The A&E Fee Calculator tab can be used to adjust the fee as needed | H26: Improv Emergency | I26: DEPT OF CORRECTIONS - USCF
A27: Hazardous Materials | D27: 5000 | E27: Remove or adjust as needed | H27: Improv Energy | I27: DEPT OF CORRECTIONS - CUCF
A28: Furnishings and Equipment | H28: Improv Hazardous | I28: DEPT OF CORRECTIONS - AP&P
A29: Information Technology | H29: Improv Paving | I29: BOARD OF PARDONS & PAROLE
A30: Moving and Occupancy | H30: Improv Roofing | I30: DEPT OF VETERANS & MILITARY AFFAIRS
A31: High Peformance Building | H31: Improvement | I31: SCHOOL & INSTITUTIONAL TRUST FUND OFFICE
A32: Commissioning | H32: NSF Improv No Design | I32: SCHOOL & INSTITUTIONAL TRUST LANDS ADMINISTRATION
A33: Other Costs | H33: NSF Improvement | I33: DEPT OF NATURAL RESOURCES - OTHER
A34: Contingency | D34: =IFERROR(E34*$D$23,"") | E34: =IF(F7=0,"",'Contingency Table'!A2) | I34: DEPT OF NATURAL RESOURCES - FORESTRY, FIRE & STATE LANDS
A35: Inspections & Testing: | D35: =IF(D23=0,0,IF(AND(F7="IMPROV PAVING",D23<100000),1500,IF(AND(F7="IMPROV PAVING",D23>99999.99,D23<500000),D23*F36,IF(AND(F7="IMPROV PAVING",D23>=500000),D23*E36,(D23*E36)))))+E35 -> 0 | F35: Inspections & Testing Adjustment | I35: DEPT OF NATURAL RESOURCES - PARKS
E36: 0.01 | F36: 0.015 | I36: DEPT OF NATURAL RESOURCES - RECREATION
A37: Insurance (.215% of Est. Construction) | D37: =IF(D23=0,0,(D23*E37)) -> 0 | E37: 0.00215 | I37: DEPT OF NATURAL RESOURCES - WILDLIFE
A38: Legal Services: (.1% of Est. Construction) | D38: =$D$23*E38 -> 0 | E38: 0.001 | I38: DEPT OF AGRICULTURE & FOOD
A39: Subtotal | D39: =SUM(D26:D38)+D23 -> 5000 | I39: DEPT OF WORKFORCE SERVICES
I40: DEPT OF ALCOHOLIC BEVERAGE SERVICES
A41: DFCM Management Fee | D41: =IF(AND(D39*D45<99999, OR(F7="NSF Improvement", F7="NSF Improv No Design")), (D39*D45)*0.04, IF(AND(D39*D45>=100000, D39*D45<=499999, OR(F7="NSF Improvement", F7="NSF Improv No Design")), ((D39*D45)-100000)*0.018+4000, IF(AND(D39*D45>=500000, D39*D45<=2499999, OR(F7="NSF Improvement", F7="NSF Improv No Design")), ((D39*D45)-500000)*0.009+11200,IF(AND(D39*D45>=2500000, D39*D45<=9999999, OR(F7="NSF Improvement", F7="NSF Improv No Design")), ((D39*D45)-2500000)*0.006+29200,IF(AND(D39*D45>=10000000, D39*D45<=49999999, OR(F7="NSF Improvement", F7="NSF Improv No Design")), ((D39*D45)-10000000)*0.0018+74200,0))))) -> 0
A43: Project Total | D43: =SUM(D39,D41) -> 5000
A45: What portion of the project is non-state funded? | D45: 0
A46: Other Funding Sources (Donations, Agency, etc.) | D46: =D43*D45 -> 0 | E46: ***Please attach a letter or email verifying other funding sources*** | I46: LABOR COMMISSION
A47: Request for State Funding: | D47: =+D43-D46 -> 5000 | I47: DEPT OF FINANCIAL INSTITUTIONS
I48: DEPT OF INSURANCE
I49: PUBLIC SERVICE COMMISSION
I50: DEPT OF CULTURAL AND COMMUNITY ENGAGEMENT
I51: DEPT OF TRANSPORTATION
I52: BOARD OF BONDING COMMISSION
I53: UTAH BOARD OF HIGHER EDUCATION
I54: SALT LAKE COMMUNITY COLLEGE
I55: SNOW COLLEGE
I56: SOUTHERN UTAH UNIVERSITY
I57: UNIVERSITY OF UTAH
I58: UTAH STATE UNIVERSITY
I59: UTAH TECH UNIVERSITY
... I62: DAVIS TECHNICAL COLLEGE
A63: FY2028 | I63: DIXIE TECHNICAL COLLEGE
A64: Capital Improvement Request Project Scope | I64: MOUNTAINLAND TECHNICAL COLLEGE
G65: =G3 -> DFCM FORM DATE: SEPTEMBER 2026 | I65: OGDEN-WEBER TECHNICAL COLLEGE
A66: Agency/Institution: | C66: =C5 -> 0 | F66: Date: | G66: =C7 -> 0 | I66: SOUTHWEST TECHNICAL COLLEGE
A67: Project Name: | C67: =C4 -> 0 | F67: Bldg. Risk ID # | G67: =F6 -> 0 | I67: TOOELE TECHNICAL COLLEGE
A68: Facility Type: | F68: Fiscal Year: | I68: BOARD OF EDUCATION
A69: Requested Amount: | C69: =D47 -> 5000 | F69: FCA Project# | I69: UTAH SCHOOLS FOR THE DEAF & BLIND
A70: Priority Classification: | H70: 1 - Life Safety | I70: ASPEN PEAKS SCHOOL DISTRICT
A71: DFCM Project Manager: | C71: =C6 -> 0 | H71: 2 - Critical | I71: BEAVER SCHOOL DISTRICT
A72: Project Description | H72: 3 - Necessary | I72: BOX ELDER SCHOOL DISTRICT
H73: 4 - Programmatic | I73: CACHE SCHOOL DISTRICT
I74: CANYONS SCHOOL DISTRICT
I75: CARBON SCHOOL DISTRICT
A76: Project Schedule | I76: DAGGETT SCHOOL DISTRICT
H77: Yes | I77: DAVIS SCHOOL DISTRICT
H78: No | I78: DUCHESNE SCHOOL DISTRICT
I79: EMERY SCHOOL DISTRICT
A80: Hazardous Materials | I80: GARFIELD SCHOOL DISTRICT
A81: Is there a current HazMat Assessment? | F81: Type of Hazardous Materials | I81: GRAND SCHOOL DISTRICT
A82: If not, is one needed? | I82: GRANITE SCHOOL DISTRICT
A83: Comments | I83: IRON SCHOOL DISTRICT
I84: JORDAN SCHOOL DISTRICT
I85: JUAB SCHOOL DISTRICT
I86: KANE SCHOOL DISTRICT
A87: DFCM Project Manager Comments | I87: LAKE MOUNTAIN SCHOOL DISTRICT
I88: LOGAN SCHOOL DISTRICT
I89: MILLARD SCHOOL DISTRICT
I90: MORGAN SCHOOL DISTRICT
I91: MURRAY SCHOOL DISTRICT
I92: NEBO SCHOOL DISTRICT
I93: NORTH SANPETE SCHOOL DISTRICT
I94: NORTH SUMMIT SCHOOL DISTRICT
I95: OGDEN SCHOOL DISTRICT
I96: PARK CITY SCHOOL DISTRICT
I97: PIUTE SCHOOL DISTRICT
I98: PROVO SCHOOL DISTRICT
I99: RICH SCHOOL DISTRICT
I100: SALT LAKE CITY SCHOOL DISTRICT
A101: Agency Contact: | I101: SAN JUAN SCHOOL DISTRICT
I102: SEVIER SCHOOL DISTRICT
A103: Name | D103: Phone | F103: Email | I103: SOUTH SANPETE SCHOOL DISTRICT
A104: This Project Scope document is accurate and identifies the needs of this project | I104: SOUTH SUMMIT SCHOOL DISTRICT
...

Sheet Construction Cost Estimator
A1: Capital Improvement Projects
A2: FY2028 Capital Budget Estimate (CBE)
A4: Description | C4: Unit of Measure | D4: # of Units | E4: Cost per Unit | F4: Total
F5: =D5*E5 -> 0
F6: =D6*E6 -> 0
F7: =D7*E7 -> 0
F8: =D8*E8 -> 0
F9: =D9*E9 -> 0
F10: =D10*E10 -> 0
F11: =D11*E11 -> 0
F12: =D12*E12 -> 0
F13: =D13*E13 -> 0
F14: =D14*E14 -> 0
F15: =D15*E15 -> 0
F16: =D16*E16 -> 0
... F40: =D40*E40 -> 0
A41: TOTAL | F41: =SUM(F5:F40) -> 0

Sheet A & E Fee Calculator
A1: State of Utah
A2: Division of Facilities and Construction Management
A3: Architectural / Engineering Fee Calculator
E5: Project Name: | F5: ='CBE Improvements'!C4:G4 -> 0
L6: Fill in the cell below with a '1' for Architectural and '2' for Engineering: | N6: ARCHITECTURAL PROJECT DESIGN FEE SCHEDULE | U6: ENGINEERING PROJECT DESIGN FEE SCHEDULE
L7: 1 | N7: Above | O7: A | P7: B | Q7: C | R7: D | S7: E | U7: Above | V7: A | W7: B | X7: C
N8: 0 | O8: 0.099 | P8: 0.10494 | Q8: 0.11088 | R8: 0.11682 | S8: 0.12375 | U8: 0 | V8: 0.1188 | W8: 0.1287 | X8: 0.1386
N9: 50000 | O9: 0.09405 | P9: 0.09999 | Q9: 0.10593 | R9: 0.11187 | S9: 0.1188 | U9: 50000 | V9: 0.1089 | W9: 0.1188 | X9: 0.1287
A10: =IF(L7=1,"Architectural Professional Fee Calculation","Engineering Professional Fee Calculation:") -> Architectural Professional Fee Calculation | I10: =IF(L7=1,"Architectural Project Complexity","Engineering Project Complexity") -> Architectural Project Complexity | L10: Architectural Project Complexity | N10: 100000 | O10: 0.09108 | P10: 0.09702 | Q10: 0.10296 | R10: 0.1089 | S10: 0.11583 | U10: 100000 | V10: 0.10395 | W10: 0.11385 | X10: 0.12375
A11: Project Budget: | G11: =+'CBE Improvements'!D23 -> 0 | I11: =IF($L$7=1,L39,L43) -> Architectural Classification - A | L11: Architectural Classification - A | N11: 150000 | O11: 0.08811 | P11: 0.09405 | Q11: 0.09999 | R11: 0.10593 | S11: 0.11286 | U11: 150000 | V11: 0.099 | W11: 0.1089 | X11: 0.1188
E12: % | I12: =IF($L$7=1,L40,L44) -> Considerably less than average Complexity | L12: Considerably less than average Complexity | N12: 200000 | O12: 0.08514 | P12: 0.09108 | Q12: 0.09702 | R12: 0.10296 | S12: 0.10989 | U12: 200000 | V12: 0.09405 | W12: 0.10395 | X12: 0.11385
A13: Renovation % and Amount of Budget: | E13: 0 | F13: =IF(E13>0,E13*G11,"") | L13: Warehouses, Parking Structures, Garages, Farm Structures, Residential Housing | N13: 300000 | O13: 0.08217 | P13: 0.08811 | Q13: 0.09405 | R13: 0.09999 | S13: 0.10692 | U13: 300000 | V13: 0.0891 | W13: 0.099 | X13: 0.1089
I14: =IF($L$7=1,L41,L45) -> Warehouses, Parking Structures, Garages, Farm Structures, Residential Housing | L14: Architectural Classification - B | N14: 500000 | O14: 0.0792 | P14: 0.08514 | Q14: 0.09108 | R14: 0.09702 | S14: 0.10395 | U14: 500000 | V14: 0.08415 | W14: 0.0891 | X14: 0.09603
A15: =IF(L7=1, "Arch. Project Complexity Classification:","Eng. Project Complexity Classification:") -> Arch. Project Complexity Classification: | E15: a | L15: Less than Average Complexity | N15: 750000 | O15: 0.07623 | P15: 0.08217 | Q15: 0.08811 | R15: 0.09405 | S15: 0.10098 | U15: 750000 | V15: 0.0792 | W15: 0.08415 | X15: 0.09108
L16: Student Housing, Office Buildings, Complex Parking Structures, Liquor Stores, Visitor Centers, Shop & Maintenance facility | N16: 1000000 | O16: 0.07326 | P16: 0.0792 | Q16: 0.08514 | R16: 0.09108 | S16: 0.09801 | U16: 1000000 | V16: 0.07524 | W16: 0.08019 | X16: 0.08712
A17: =IF(L7=1,"Arch. Professional Fee % and Amount:","Eng. Professional Fee % and Amount:") -> Arch. Professional Fee % and Amount: | E17: {=IF(L7=1,INDEX(ArchPercentages,MATCH(G11,ArchProjectAmounts),MATCH(E15,ArchComplexity,0)),INDEX(EngPercentages,MATCH(G11,EngProjectAmounts),MATCH(E15,EngComplexity,0)))} -> 0.099 | F17: =G11*E17 -> 0 | L17: Architectural Classification - C | N17: 1500000 | O17: 0.07029 | P17: 0.07623 | Q17: 0.08217 | R17: 0.08811 | S17: 0.09504 | U17: 1500000 | V17: 0.07128 | W17: 0.07623 | X17: 0.08316
A18: Plus Renovation Fee % and Amount: | E18: =IF(AND(E13>0,L7=1),HLOOKUP(E15,O7:S31,25),IF(AND(E13>0,L7=2),HLOOKUP(E15,V7:X27,21),"")) | F18: =IF(E13>0,G11*E13*E18,"") | L18: Average Complexity | N18: 2000000 | O18: 0.06732 | P18: 0.07326 | Q18: 0.0792 | R18: 0.08514 | S18: 0.09207 | U18: 2000000 | V18: 0.0693 | W18: 0.07425 | X18: 0.08118
A19: =IF(L7=1," Architectural Professional Fee (APF):"," Engineering Professional Fee (EPF):") -> Architectural Professional Fee (APF): | G19: =SUM(F17:F18) -> 0 | L19: Classroom Buildings, General Teaching Spaces, Medical Offices, Clinics, Gymnasia, Armories, Nursing Homes, Care Facilities, Strength/Fitness Ctr., Mixed-Use Housing, Public Safety Admin., Laundry | N19: 3000000 | O19: 0.06534 | P19: 0.07128 | Q19: 0.07722 | R19: 0.08316 | S19: 0.09009 | U19: 3000000 | V19: 0.06732 | W19: 0.07227 | X19: 0.0792
F20: PM Adjustment to fee | G20: 0 | L20: Architectual Classification - D | N20: 4000000 | O20: 0.06336 | P20: 0.0693 | Q20: 0.07524 | R20: 0.08118 | S20: 0.08811 | U20: 4000000 | V20: 0.06534 | W20: 0.07029 | X20: 0.07722
E21: Total Budget | G21: =+G20+G19 -> 0 | L21: More than average Complexity | N21: 5000000 | O21: 0.06138 | P21: 0.06732 | Q21: 0.07326 | R21: 0.0792 | S21: 0.08613 | U21: 5000000 | V21: 0.06336 | W21: 0.06831 | X21: 0.07524
L22: Complex Classroom Bldgs., Libraries, Dinning Facilities, Theaters - no stage,,Arena's, Auditoriums - no stage, Medical Schools, Specialty Schools, Physically Disadvantaged, Adult or Youth Detention, Court Facilities, Performing Arts, Medical Clinics, Skilled Nursing, Computer Facilities, Recreation Facilities | N22: 8000000 | O22: 0.0594 | P22: 0.06534 | Q22: 0.07128 | R22: 0.07722 | S22: 0.08415 | U22: 7000000 | V22: 0.06138 | W22: 0.06633 | X22: 0.07326
L23: Architectural Classification - E | N23: 12000000 | O23: 0.05643 | P23: 0.06138 | Q23: 0.06633 | R23: 0.07128 | S23: 0.07623 | U23: 12000000 | V23: 0.0594 | W23: 0.06435 | X23: 0.07128
L24: Considerably more than average Complexity | N24: 15000000 | O24: 0.05445 | P24: 0.0594 | Q24: 0.06435 | R24: 0.0693 | S24: 0.07425 | U24: 20000000 | V24: 0.05841 | W24: 0.06336 | X24: 0.07029
L25: Scientific Research, Medical Research, Engineering Research, Teaching Labs, Hospitals, Museums, Mental Health Facilities, Prison Facilities, Stadiums, Emergency Opps Center, Vivarium's, Fish Hatcheries, Veterinarian Facilities, Auditorium - w/Stage, Theater - w/Stage | N25: 20000000 | O25: 0.05247 | P25: 0.05742 | Q25: 0.06237 | R25: 0.06732 | S25: 0.07227 | U25: 30000000 | V25: 0.05742 | W25: 0.06237 | X25: 0.0693
H26: 0 | L26: Engineering Project Complexity | N26: 25000000 | O26: 0.05148 | P26: 0.05643 | Q26: 0.06138 | R26: 0.06633 | S26: 0.07128 | U26: 50000000 | V26: 0.05643 | W26: 0.06138 | X26: 0.06831
L27: Engineering Classification - A | N27: 30000000 | O27: 0.05049 | P27: 0.05544 | Q27: 0.06039 | R27: 0.06534 | S27: 0.07029 | U27: Renovation | V27: 0.005 | W27: 0.0075 | X27: 0.01
L28: Average Complexity | N28: 35000000 | O28: 0.0495 | P28: 0.05445 | Q28: 0.0594 | R28: 0.06435 | S28: 0.0693
L29: Average Retaining Walls and Foundations, Average Parks, Marinas and Rec Area's, Average Roads and Streets, Average Storm Drain & Sewage Collection, Small Dams, Small Bridges, Airport with simple terminal facilities, Average Roofs, Water Wells, Water Tanks, Pump Station, Lift Station | N29: 40000000 | O29: 0.04851 | P29: 0.05346 | Q29: 0.05841 | R29: 0.06336 | S29: 0.06831
L30: Engineering Classification - B | N30: 50000000 | O30: 0.04752 | P30: 0.05247 | Q30: 0.05742 | R30: 0.06237 | S30: 0.06732
L31: Complex | N31: Renovation | O31: 0.005 | P31: 0.0065 | Q31: 0.0075 | R31: 0.0085 | S31: 0.01
L32: Complex Retaining Walls and Foundations, Complex Parks, Marinas and Rec Area's, Complex Roads and Streets, Complex Storm Drain & Sewage Collection, Large or Complex Small Dams, Asymmetric Bridges, Airport with Complex terminal Facilities, Complex Roofs, Sewage & Water Treatment Facilities, Average Telecom Facilities, Electrical & Data Transmission, Solid Waste Disposal, Average Acoustical Design, Air Pollution Abatement, Control and Testing Water Reservoirs, Utility Tunnel
L33: Engineering Classification - C
L34: Unusually Complex
L35: Unusual Foundations with Complex Soils, Complex Acoustical Design, Complex Mechanical and Electrical Controls, Storm Drain & Sewers - Heavily Urbanized Area, Complex Large Dams, Extremely Complex Bridges, Complex Sewage & Water Treatment Facilities, Complex Telecom Facilities, Complex Utility Tunnels
L37: Rem: Step formulas for Complexity Section (cells I11 to I34)
L38: Architectural
L39: =IF($E$15="a",L11,IF($E$15="b",L14,IF($E$15="c",L17,IF($E$15="d",L20,L23)))) -> Architectural Classification - A
L40: =IF($E$15="a",L12,IF($E$15="b",L15,IF($E$15="c",L18,IF($E$15="d",L21,L24)))) -> Considerably less than average Complexity
L41: =IF($E$15="a",L13,IF($E$15="b",L16,IF($E$15="c",L19,IF($E$15="d",L22,L25)))) -> Warehouses, Parking Structures, Garages, Farm Structures, Residential Housing
L42: Engineering
L43: =IF($E$15="a",L27,IF($E$15="b",L30,IF($E$15="c",L33,""))) -> Engineering Classification - A
L44: =IF($E$15="a",L28,IF($E$15="b",L31,IF($E$15="c",L34,""))) -> Average Complexity
L45: =IF($E$15="a",L29,IF($E$15="b",L32,IF($E$15="c",L35,""))) -> Average Retaining Walls and Foundations, Average Parks, Marinas and Rec Area's, Average Roads and Streets, Average Storm Drain & Sewage Collection, Small Dams, Small Bridges, Airport with simple terminal facilities, Average Roofs, Water Wells, Water Tanks, Pump Station, Lift Station

Sheet Contingency Chart
D2: #REF!
A8: Improvements
A10: =VLOOKUP(A13,C14:F22,4) -> #N/A
D12: Project Scope
A13: =SUM(A14:A20) -> 0 | D13: Constuction Cost | E13: New Construction | F13: Remodel construction
A14: #ERROR! | C14: 1 | D14: 0 | E14: 0.065 | F14: 0.095
A15: #ERROR! | C15: 2 | D15: 250001 | E15: 0.064 | F15: =+F14-0.0025 -> 0.0925
A16: #ERROR! | C16: 3 | D16: 500001 | E16: 0.063 | F16: =+F15-0.0025 -> 0.09
A17: #ERROR! | C17: 4 | D17: 750001 | E17: 0.062 | F17: =+F16-0.0025 -> 0.0875
A18: #ERROR! | C18: 5 | D18: 1000001 | E18: 0.061 | F18: =+F17-0.0025 -> 0.085
A19: #ERROR! | C19: 6 | D19: 1250001 | E19: 0.06 | F19: 0.084
A20: #ERROR! | C20: 7 | D20: 1500001 | E20: 0.0595 | F20: 0.083
C21: 8 | D21: 1750001 | E21: 0.059 | F21: 0.082
C22: 9 | D22: 2000001 | E22: 0.0585 | F22: 0.081
C23: 10 | D23: 2250001 | E23: 0.058 | F23: 0.08
C24: 11 | D24: 2500001 | E24: 0.0575 | F24: 0.079
C25: 12 | D25: 2750001 | E25: 0.057 | F25: 0.078
C26: 13 | D26: 3000001 | E26: 0.0565 | F26: 0.077
C27: 14 | D27: 3250001 | E27: 0.056 | F27: 0.076
C28: 15 | D28: 3500001 | E28: 0.0555 | F28: 0.075
C29: 16 | D29: 3750001 | E29: 0.055 | F29: 0.074
C30: 17 | D30: 4000001 | E30: 0.0545 | F30: 0.073
C31: 18 | D31: 4250001 | E31: 0.054 | F31: 0.072
C32: 19 | D32: 4500001 | E32: 0.0535 | F32: 0.071
... C54: 41 | D54: 10000001 | E54: 0.045 | F54: 0.06

Sheet Contingency Table
A2: =VLOOKUP(A5,C6:F46,4) -> 0.095
A5: =SUM(A6:A46) -> 1 | D5: Constuction Cost | E5: New Construction | F5: Remodel construction
A6: =IF('CBE Improvements'!$D$23>='Contingency Table'!D6,1,0) -> 1 | C6: 1 | D6: 0 | E6: 0.065 | F6: 0.095
A7: =IF('CBE Improvements'!$D$23>='Contingency Table'!D7,1,0) -> 0 | C7: 2 | D7: 250001 | E7: 0.064 | F7: =+F6-0.0025 -> 0.0925
A8: =IF('CBE Improvements'!$D$23>='Contingency Table'!D8,1,0) -> 0 | C8: 3 | D8: 500001 | E8: 0.063 | F8: =+F7-0.0025 -> 0.09
A9: =IF('CBE Improvements'!$D$23>='Contingency Table'!D9,1,0) -> 0 | C9: 4 | D9: 750001 | E9: 0.062 | F9: =+F8-0.0025 -> 0.0875
A10: =IF('CBE Improvements'!$D$23>='Contingency Table'!D10,1,0) -> 0 | C10: 5 | D10: 1000001 | E10: 0.061 | F10: =+F9-0.0025 -> 0.085
A11: =IF('CBE Improvements'!$D$23>='Contingency Table'!D11,1,0) -> 0 | C11: 6 | D11: 1250001 | E11: 0.06 | F11: 0.084
A12: =IF('CBE Improvements'!$D$23>='Contingency Table'!D12,1,0) -> 0 | C12: 7 | D12: 1500001 | E12: 0.0595 | F12: 0.083
A13: =IF('CBE Improvements'!$D$23>='Contingency Table'!D13,1,0) -> 0 | C13: 8 | D13: 1750001 | E13: 0.059 | F13: 0.082
A14: =IF('CBE Improvements'!$D$23>='Contingency Table'!D14,1,0) -> 0 | C14: 9 | D14: 2000001 | E14: 0.0585 | F14: 0.081
A15: =IF('CBE Improvements'!$D$23>='Contingency Table'!D15,1,0) -> 0 | C15: 10 | D15: 2250001 | E15: 0.058 | F15: 0.08
A16: =IF('CBE Improvements'!$D$23>='Contingency Table'!D16,1,0) -> 0 | C16: 11 | D16: 2500001 | E16: 0.0575 | F16: 0.079
A17: =IF('CBE Improvements'!$D$23>='Contingency Table'!D17,1,0) -> 0 | C17: 12 | D17: 2750001 | E17: 0.057 | F17: 0.078
A18: =IF('CBE Improvements'!$D$23>='Contingency Table'!D18,1,0) -> 0 | C18: 13 | D18: 3000001 | E18: 0.0565 | F18: 0.077
A19: =IF('CBE Improvements'!$D$23>='Contingency Table'!D19,1,0) -> 0 | C19: 14 | D19: 3250001 | E19: 0.056 | F19: 0.076
A20: =IF('CBE Improvements'!$D$23>='Contingency Table'!D20,1,0) -> 0 | C20: 15 | D20: 3500001 | E20: 0.0555 | F20: 0.075
A21: =IF('CBE Improvements'!$D$23>='Contingency Table'!D21,1,0) -> 0 | C21: 16 | D21: 3750001 | E21: 0.055 | F21: 0.074
A22: =IF('CBE Improvements'!$D$23>='Contingency Table'!D22,1,0) -> 0 | C22: 17 | D22: 4000001 | E22: 0.0545 | F22: 0.073
... A46: =IF('CBE Improvements'!$D$23>='Contingency Table'!D46,1,0) -> 0 | C46: 41 | D46: 10000001 | E46: 0.045 | F46: 0.06

Sheet Building List
A1: Property ID | B1: Property ID + Description | C1: Adjusted Owner: Account Name | D1: Asset Name | E1: Address | F1: City | G1: Square Footage | H1: Construction Year | I1: Program Entry Date | J1: Program Exit Date
A2: INFRASTRUCTURE | B2: INFRASTRUCTURE - NO BUILDING
A3: 00000 | B3: =_xlfn.CONCAT(A3," - ",D3) -> 00000 - New Building (Not in AiM) | D3: New Building (Not in AiM)
A4: 18637 | B4: =_xlfn.CONCAT(A4," - ",D4) -> 18637 - Moab Academic Building | C4: Aggie Redrock Foundation | D4: Moab Academic Building | E4: 1850 S. Aggie Boulevard, Moab, UT 84532 | F4: Moab | G4: 22559 | H4: 2021 | I4: 43859
A5: 07471 | B5: =_xlfn.CONCAT(A5," - ",D5) -> 07471 - Logan Campus - Main Building | C5: Bridgerland Technical College | D5: Logan Campus - Main Building | E5: 1301 N 600 W, Logan, UT 84321 | F5: Logan | G5: 225000 | H5: 1971 | I5: 40725
A6: 07472 | B6: =_xlfn.CONCAT(A6," - ",D6) -> 07472 - Vehicle Garage Building | C6: Bridgerland Technical College | D6: Vehicle Garage Building | E6: 1301 N 600 W, Logan, UT 84321 | F6: Logan | G6: 7930 | H6: 1988 | I6: 40725
A7: 10004 | B7: =_xlfn.CONCAT(A7," - ",D7) -> 10004 - Logan Campus - West Building | C7: Bridgerland Technical College | D7: Logan Campus - West Building | E7: 1410 N 1000 W, Logan, UT 84321 | F7: Logan | G7: 88210 | H7: 1981 | I7: 40725
A8: 13401 | B8: =_xlfn.CONCAT(A8," - ",D8) -> 13401 - Class Project Building | C8: Bridgerland Technical College | D8: Class Project Building | E8: 1301 North 600 West, Logan, UT 84321 | F8: Logan | G8: 12000 | H8: 2017 | I8: 41443
A9: 100405 | B9: =_xlfn.CONCAT(A9," - ",D9) -> 100405 - Bridgerland Technical College Health Sciences Bldg | C9: Bridgerland Technical College | D9: Bridgerland Technical College Health Sciences Bldg | E9: 1385 North 600 West, Logan, UT 84321 | F9: Logan | G9: 79600 | H9: 2023 | I9: 44468
A10: 101975 | B10: =_xlfn.CONCAT(A10," - ",D10) -> 101975 - Bridgerland Technical College Business & Innovation Hub | C10: Bridgerland Technical College | D10: Bridgerland Technical College Business & Innovation Hub | E10: 940 West 1400 North, Logan, UT 84321 | F10: Logan | G10: 95468 | H10: 1980 | I10: 44806
A11: 05791 | B11: =_xlfn.CONCAT(A11," - ",D11) -> 05791 - Traffic Station | C11: Corrections - CUCF | D11: Traffic Station | E11: 255 E 300 N, Gunnison, UT 84634 | F11: Gunnison | G11: 230 | H11: 1990 | I11: 40725
A12: 05792 | B12: =_xlfn.CONCAT(A12," - ",D12) -> 05792 - Tower 1 | C12: Corrections - CUCF | D12: Tower 1 | E12: 255 E 300 N, Gunnison, UT 84634 | F12: Gunnison | G12: 676 | H12: 1990 | I12: 40725
A13: 05793 | B13: =_xlfn.CONCAT(A13," - ",D13) -> 05793 - Warehouse | C13: Corrections - CUCF | D13: Warehouse | E13: 255 E 300 N, Gunnison, UT 84634 | F13: Gunnison | G13: 20574 | H13: 1990 | I13: 40725
A14: 05794 | B14: =_xlfn.CONCAT(A14," - ",D14) -> 05794 - Central Plant | C14: Corrections - CUCF | D14: Central Plant | E14: 255 E 300 N, Gunnison, UT 84634 | F14: Gunnison | G14: 9688 | H14: 1990 | I14: 40725
A15: 05795 | B15: =_xlfn.CONCAT(A15," - ",D15) -> 05795 - Vehicle Maintenance | C15: Corrections - CUCF | D15: Vehicle Maintenance | E15: 255 E 300 N, Gunnison, UT 84634 | F15: Gunnison | G15: 5016 | H15: 1990 | I15: 40725
... A119: 14137 | B119: =_xlfn.CONCAT(A119," - ",D119) -> 14137 - Freeport D-5 | C119: Davis Technical College | D119: Freeport D-5 | E119: Freeport Center, Clearfield, UT 84015 | F119: Clearfield | G119: 120000 | H119: 1949 | I119: 40725
A120: 17172 | B120: =_xlfn.CONCAT(A120," - ",D120) -> 17172 - Morgan Business Resource Center | C120: Davis Technical College | D120: Morgan Business Resource Center | E120: 318 East 300 North, , 84050 | G120: 2900 | H120: 1994 | I120: 41772
A121: 18325 | B121: =_xlfn.CONCAT(A121," - ",D121) -> 18325 - Michael J. Bouwhuis Allied Health Building | C121: Davis Technical College | D121: Michael J. Bouwhuis Allied Health Building | E121: 435 S Simmons Way, Kaysville, UT 84037 | F121: Kaysville | G121: 85000 | H121: 2020 | I121: 43412
A122: 21199 | B122: =_xlfn.CONCAT(A122," - ",D122) -> 21199 - North Building | C122: Davis Technical College | D122: North Building | E122: 605 East Davis Tech Drive, Kaysville, UT 84037 | F122: Kaysville | G122: 3100 | H122: 2000 | I122: 44351
A123: 103923 | B123: =_xlfn.CONCAT(A123," - ",D123) -> 103923 - Davis Tech North Irrigation Shed | C123: Davis Technical College | D123: Davis Tech North Irrigation Shed | E123: 826 E. 250 S., Kaysville, UT 84037 | F123: Kaysville | G123: 263 | H123: 2023 | I123: 45042
A124: 111776 | B124: =_xlfn.CONCAT(A124," - ",D124) -> 111776 - Welding Building | C124: Davis Technical College | D124: Welding Building | E124: 355 S 650 E, Kaysville, UT 84037 | F124: Kaysville | G124: 17052 | H124: 2025 | I124: 45953
A125: 02062 | B125: =_xlfn.CONCAT(A125," - ",D125) -> 02062 - Davis Technical College Main Building | C125: Davis Technical College | D125: Davis Technical College Main Building | E125: 550 S. 300 S., Kaysville, UT 84037 | F125: Kaysville | G125: 255431 | H125: 1983 | I125: 40725
A126: 10514 | B126: =_xlfn.CONCAT(A126," - ",D126) -> 10514 - Roy & Elizabeth Simmons Entrepreneurial Center | C126: Davis Technical College | D126: Roy & Elizabeth Simmons Entrepreneurial Center | G126: 16000 | H126: 2006 | I126: 40725
A127: 02209 | B127: =_xlfn.CONCAT(A127," - ",D127) -> 02209 - Ogden Grain Lab | C127: Department of Agriculture & Food | D127: Ogden Grain Lab | E127: 128 17th St., Ogden, UT 84404 | F127: Ogden | G127: 6859 | H127: 1950 | I127: 40724
A128: 104505 | B128: =_xlfn.CONCAT(A128," - ",D128) -> 104505 - Ogden Grain Lab (Shed) | C128: Department of Agriculture & Food | D128: Ogden Grain Lab (Shed) | E128: 128 17th Street, Ogden, UT 84403 | F128: Ogden | G128: 28600 | H128: 1915 | I128: 45142
A129: 103721 | B129: =_xlfn.CONCAT(A129," - ",D129) -> 103721 - Administration Building | C129: Department of Alcoholic Beverage Services | D129: Administration Building | E129: 1625 South 900 West, Salt Lake City, UT 84104 United States | F129: Salt Lake City | G129: 20700 | H129: 1993 | I129: 45022
A130: 53169 | B130: =_xlfn.CONCAT(A130," - ",D130) -> 53169 - ASRS Warehouse Addition | C130: Department of Alcoholic Beverage Services | D130: ASRS Warehouse Addition | E130: 1625 South 900 West, Salt Lake City, UT 84104 | F130: Salt Lake City | G130: 144761 | H130: 2003 | I130: 40725
A131: 00647 | B131: =_xlfn.CONCAT(A131," - ",D131) -> 00647 - USDC DCFS | C131: Department of Health and Human Services | D131: USDC DCFS | E131: 853 E 900 N, American Fork, UT 84003 | F131: American Fork | G131: 10798 | H131: 1966 | I131: 40725
A132: 05738 | B132: =_xlfn.CONCAT(A132," - ",D132) -> 05738 - Christmas Box House | C132: Department of Health and Human Services | D132: Christmas Box House | E132: 180 S 300 E, Moab, UT 84532 | F132: Moab | G132: 4486 | H132: 1992 | I132: 40725
A133: 06497 | B133: =_xlfn.CONCAT(A133," - ",D133) -> 06497 - Group Home - DSPD | C133: Department of Health and Human Services | D133: Group Home - DSPD | E133: 575 S Fort Lane, Layton, UT 84041 | F133: Layton | G133: 4483 | H133: 1981 | I133: 40725
A134: 06559 | B134: =_xlfn.CONCAT(A134," - ",D134) -> 06559 - Spanish Fork DSPD Group Home | C134: Department of Health and Human Services | D134: Spanish Fork DSPD Group Home | E134: 420 N 700 E, Spanish Fork, UT 84660 | F134: Spanish Fork | G134: 4584 | H134: 1992 | I134: 40725
A135: 06627 | B135: =_xlfn.CONCAT(A135," - ",D135) -> 06627 - Group Home DSPD | C135: Department of Health and Human Services | D135: Group Home DSPD | E135: 750 E 9085 S, Sandy, UT 84070 | F135: Sandy | G135: 5460 | H135: 1994 | I135: 40725
A136: 06630 | B136: =_xlfn.CONCAT(A136," - ",D136) -> 06630 - DSPD Group Home - St George | C136: Department of Health and Human Services | D136: DSPD Group Home - St George | E136: 193 W 200 S, St. George, UT 84770 | F136: St. George | G136: 4626 | H136: 1993 | I136: 40725
A137: 08452 | B137: =_xlfn.CONCAT(A137," - ",D137) -> 08452 - DSPD Group Home - North Ogden | C137: Department of Health and Human Services | D137: DSPD Group Home - North Ogden | E137: 446 E 2100 N, North Ogden, UT 84401 | F137: North Ogden | G137: 5256 | H137: 1996 | I137: 40725
A138: 15127 | B138: =_xlfn.CONCAT(A138," - ",D138) -> 15127 - UCI Production Warehouse | C138: Department of Health and Human Services | D138: UCI Production Warehouse | E138: 14126 Pony Express Road, Draper, UT 84020 | F138: Draper | G138: 18000 | H138: 2010 | I138: 40725
... A332: 17400 | B332: =_xlfn.CONCAT(A332," - ",D332) -> 17400 - Cedar City Office Building-DNR | C332: DNR - Natural Resources | D332: Cedar City Office Building-DNR | E332: 675 North Main Street, Cedar City, UT 84721 | F332: Cedar City | G332: 20894 | H332: 2015 | I332: 41884
A333: 17507 | B333: =_xlfn.CONCAT(A333," - ",D333) -> 17507 - Veterinary Laboratory | C333: Agriculture | D333: Veterinary Laboratory | E333: 514 W 3000 N, , 84660 | G333: 3869 | H333: 2015 | I333: 41935
A334: 17635 | B334: =_xlfn.CONCAT(A334," - ",D334) -> 17635 - Fourth District Courthouse | C334: Courts | D334: Fourth District Courthouse | E334: 137 N Freedom Blvd, Provo, UT 84601 | F334: Provo | G334: 229163 | H334: 2018 | I334: 42136
A335: 17753 | B335: =_xlfn.CONCAT(A335," - ",D335) -> 17753 - Redwood Data Center | C335: DHHS - Developmental Center | D335: Redwood Data Center | E335: 1050 North 850 East, American Fork, UT 84003 | F335: American Fork | G335: 300 | H335: 2015 | I335: 42261
A336: 17776 | B336: =_xlfn.CONCAT(A336," - ",D336) -> 17776 - West Valley City Liquor Store #46 | C336: Alcoholic Beverage Services | D336: West Valley City Liquor Store #46 | E336: 6262 S 5600 W, West Valley, UT 84118 | F336: West Valley | G336: 13600 | H336: 2017 | I336: 42345
A337: 17839 | B337: =_xlfn.CONCAT(A337," - ",D337) -> 17839 - Liquor Store #47 | C337: Alcoholic Beverage Services | D337: Liquor Store #47 | E337: 865 West 1700 South, Syracuse, UT 84075 | F337: Syracuse | G337: 12286 | H337: 2019 | I337: 43266
A338: 18178 | B338: =_xlfn.CONCAT(A338," - ",D338) -> 18178 - Chiller USDC | C338: DHHS - Developmental Center | D338: Chiller USDC | E338: 765 N 900 E, American Fork, UT 84003 | F338: American Fork | G338: 900 | H338: 1980 | I338: 42909
A339: 18231 | B339: =_xlfn.CONCAT(A339," - ",D339) -> 18231 - DABS Store #50 - Farmington | C339: Department of Alcoholic Beverage Services | D339: DABS Store #50 - Farmington | E339: 579 Lagoon Dr., Farmington, UT 84025 | F339: Farmington | G339: 13309 | H339: 2022 | I339: 43959
A340: 18232 | B340: =_xlfn.CONCAT(A340," - ",D340) -> 18232 - Liquor Store #48 | C340: Alcoholic Beverage Services | D340: Liquor Store #48 | E340: 5278 West Anthem Peak Lan, Herriman, UT 84096 | F340: Herriman | G340: 13381 | H340: 2019 | I340: 43418
A341: 18339 | B341: =_xlfn.CONCAT(A341," - ",D341) -> 18339 - Fourth District Court Parking Structure | C341: Courts | D341: Fourth District Court Parking Structure | E341: 137 North Freedom Blvd, Provo, UT 84601 | F341: Provo | G341: 81329 | H341: 2018 | I341: 43738
A342: 18360 | B342: =_xlfn.CONCAT(A342," - ",D342) -> 18360 - Saratoga Springs Liquor Store #49 | C342: Alcoholic Beverage Services | D342: Saratoga Springs Liquor Store #49 | E342: 1285 North Exchange Drive, Saratoga Springs, UT 84045 | F342: Saratoga Springs | G342: 11250 | H342: 2020 | I342: 44244
A343: 18638 | B343: =_xlfn.CONCAT(A343," - ",D343) -> 18638 - Taylorsville State Office Building | C343: DGO - Facilities Construction & Management (DFCM) - Maint | D343: Taylorsville State Office Building | E343: 4315 South 2700 West, Taylorsville, UT 84129 | F343: Taylorsville | G343: 412698 | H343: 1982 | I343: 43839
A344: 18680 | B344: =_xlfn.CONCAT(A344," - ",D344) -> 18680 - Equipment Storage | C344: DHHS - Developmental Center | D344: Equipment Storage | E344: 1100 North 800 East, American Fork, UT 84003 | F344: American Fork | G344: 7200 | H344: 2019 | I344: 43634
A345: 18681 | B345: =_xlfn.CONCAT(A345," - ",D345) -> 18681 - Salt Shed | C345: DHHS - Developmental Center | D345: Salt Shed | E345: 1100 North 810 East, American Fork, UT 84003 | F345: American Fork | G345: 1400 | H345: 2018 | I345: 43634
... A361: 01625 | B361: =_xlfn.CONCAT(A361," - ",D361) -> 01625 - Natural Resources Building (East and West) Bldg 1625 | C361: DNR - Natural Resources | D361: Natural Resources Building (East and West) Bldg 1625 | E361: 1594 West North Temple, Salt Lake City, UT 84116 | F361: Salt Lake City | G361: 175311 | H361: 1981 | I361: 40725
A362: 04275 | B362: =_xlfn.CONCAT(A362," - ",D362) -> 04275 - Cannon Health Building | C362: DGO - Facilities Construction & Management (DFCM) - Maint | D362: Cannon Health Building | G362: 161431 | H362: 1985 | I362: 40725
A363: 09460 | B363: =_xlfn.CONCAT(A363," - ",D363) -> 09460 - Liquor Store #11 | C363: Alcoholic Beverage Services | D363: Liquor Store #11 | G363: 6497 | H363: 2000 | I363: 40725
A364: 09510 | B364: =_xlfn.CONCAT(A364," - ",D364) -> 09510 - West Jordan District Court Facility | C364: Courts | D364: West Jordan District Court Facility | E364: 8080 South Redwood Road, West Jordan, UT 84088 | F364: West Jordan | G364: 109371 | H364: 2000 | I364: 40725
A365: 12173 | B365: =_xlfn.CONCAT(A365," - ",D365) -> 12173 - Capitol Parking Garage | C365: DGO - Facilities Construction & Management (DFCM) - Maint | D365: Capitol Parking Garage | G365: 1 | H365: 2009 | I365: 40724
A366: 02217 | B366: =_xlfn.CONCAT(A366," - ",D366) -> 02217 - Decker Lake Youth Center | C366: DHHS - Juvenile Justice Center | D366: Decker Lake Youth Center | E366: 2310 W 2770 S, West Valley City, UT 84119 | F366: West Valley City | G366: 22588 | H366: 1983 | I366: 40725
A367: 02218 | B367: =_xlfn.CONCAT(A367," - ",D367) -> 02218 - Decker Cottage A | C367: DHHS - Juvenile Justice Center | D367: Decker Cottage A | E367: 2310 W 2770 S, West Valley City, UT 84119 | F367: West Valley City | G367: 3408 | H367: 1983 | I367: 40725
A368: 02310 | B368: =_xlfn.CONCAT(A368," - ",D368) -> 02310 - Decker Cottage B | C368: DHHS - Juvenile Justice Center | D368: Decker Cottage B | E368: 2310 W 2770 S, West Valley City, UT 84119 | F368: West Valley City | G368: 3408 | H368: 1983 | I368: 40725
A369: 02311 | B369: =_xlfn.CONCAT(A369," - ",D369) -> 02311 - Decker Cottage C | C369: DHHS - Juvenile Justice Center | D369: Decker Cottage C | E369: 2310 W 2770 S, West Valley City, UT 84119 | F369: West Valley City | G369: 3408 | H369: 1983 | I369: 40725
A370: 02312 | B370: =_xlfn.CONCAT(A370," - ",D370) -> 02312 - Millcreek Youth Center | C370: DHHS - Juvenile Justice Center | D370: Millcreek Youth Center | E370: 790 W 12th St, Ogden, UT 84404 | F370: Ogden | G370: 41479 | H370: 1983 | I370: 40725
A371: 02313 | B371: =_xlfn.CONCAT(A371," - ",D371) -> 02313 - Millcreek Youth Center/Cottage #A | C371: DHHS - Juvenile Justice Center | D371: Millcreek Youth Center/Cottage #A | E371: 790 W 12th St, Ogden, UT 84404 | F371: Ogden | G371: 3408 | H371: 1983 | I371: 40725
A372: 02314 | B372: =_xlfn.CONCAT(A372," - ",D372) -> 02314 - Millcreek Youth Center/Cottage #B | C372: DHHS - Juvenile Justice Center | D372: Millcreek Youth Center/Cottage #B | E372: 790 W 12th St, Ogden, UT 84404 | F372: Ogden | G372: 3408 | H372: 1983 | I372: 40725
A373: 02315 | B373: =_xlfn.CONCAT(A373," - ",D373) -> 02315 - Millcreek Youth Center/Cottage #C | C373: DHHS - Juvenile Justice Center | D373: Millcreek Youth Center/Cottage #C | E373: 790 W 12th St, Ogden, UT 84404 | F373: Ogden | G373: 3408 | H373: 1983 | I373: 40725
A374: 04962 | B374: =_xlfn.CONCAT(A374," - ",D374) -> 04962 - Springville O&A/Case Management | C374: DHHS - Juvenile Justice Center | D374: Springville O&A/Case Management | E374: 205 W 900 N, Springville, UT 84663 | F374: Springville | G374: 12000 | H374: 1977 | I374: 40725
A375: 05310 | B375: =_xlfn.CONCAT(A375," - ",D375) -> 05310 - Southwest Utah Youth Center | C375: DHHS - Juvenile Justice Center | D375: Southwest Utah Youth Center | E375: 270 E 1600 N, Cedar City, UT 84720 | F375: Cedar City | G375: 14660 | H375: 1986 | I375: 40725
A376: 07364 | B376: =_xlfn.CONCAT(A376," - ",D376) -> 07364 - Decker Lake Cottage D | C376: DHHS - Juvenile Justice Center | D376: Decker Lake Cottage D | E376: 2310 W 2770 S, West Valley City, UT 84119 | F376: West Valley City | G376: 4346 | H376: 1992 | I376: 40725
A377: 08288 | B377: =_xlfn.CONCAT(A377," - ",D377) -> 08288 - Farmington Bay Youth Center | C377: DHHS - Juvenile Justice Center | D377: Farmington Bay Youth Center | E377: 875 W Clark Lane, Farmington, UT 84025 | F377: Farmington | G377: 15558 | H377: 1995 | I377: 40725
... A462: 104943 | B462: =_xlfn.CONCAT(A462," - ",D462) -> 104943 - Block 407 38 North G Street 6 Plex | C462: Governors Office | D462: Block 407 38 North G Street 6 Plex | E462: 38 North G Street, Salt Lake City, UT 84103 | F462: Salt Lake City | G462: 4653 | H462: 1896 | I462: 45239
A463: 105477 | B463: =_xlfn.CONCAT(A463," - ",D463) -> 105477 - Block 407 520-522 East 1st Ave SLC | C463: Governors Office | D463: Block 407 520-522 East 1st Ave SLC | E463: 520-522 East 1st Ave, Salt Lake City, UT 84103 | F463: Salt Lake City | H463: 1915 | I463: 45315
A464: 107023 | B464: =_xlfn.CONCAT(A464," - ",D464) -> 107023 - Block 407 34 North G Street | C464: Governors Office | D464: Block 407 34 North G Street | E464: 34 North G Street, Salt Lake City, UT 84103 United States | F464: Salt Lake City | G464: 3671 | H464: 1896 | I464: 45490
A465: 07564 | B465: =_xlfn.CONCAT(A465," - ",D465) -> 07564 - Engine Shop | C465: Heber Valley Railroad | D465: Engine Shop | E465: 450 S 600 W, Heber City, UT 84032 | F465: Heber City | G465: 11300 | H465: 1993 | I465: 40725
A466: 12076 | B466: =_xlfn.CONCAT(A466," - ",D466) -> 12076 - Office/Depot | C466: Heber Valley Railroad | D466: Office/Depot | E466: 450 S 600 West, Heber City, UT 84032 | F466: Heber City | G466: 5228 | H466: 2001 | I466: 40725
A467: 18547 | B467: =_xlfn.CONCAT(A467," - ",D467) -> 18547 - Coach Storage Building | C467: Heber Valley Railroad | D467: Coach Storage Building | E467: 450 South 600 West, Heber City, UT 84032 | F467: Heber City | G467: 30000 | H467: 2019 | I467: 43563
A468: 18685 | B468: =_xlfn.CONCAT(A468," - ",D468) -> 18685 - Compressor Shed | C468: Heber Valley Railroad | D468: Compressor Shed | E468: 450 South 600 West, Heber, UT 84032 | F468: Heber | G468: 120 | H468: 2006 | I468: 43640
A469: 06575 | B469: =_xlfn.CONCAT(A469," - ",D469) -> 06575 - MTECH PROVO | C469: Mountainland Technical College | D469: MTECH PROVO | E469: 125 N 100 W, Provo, UT 84601 | F469: Provo | G469: 57797 | H469: 1989 | I469: 40725
A470: 08712 | B470: =_xlfn.CONCAT(A470," - ",D470) -> 08712 - MTECH OREM A | C470: Mountainland Technical College | D470: MTECH OREM A | E470: 1410 W Business Park Dr, Orem, UT 84058 | F470: Orem | G470: 33372 | H470: 1997 | I470: 40725
A471: 10564 | B471: =_xlfn.CONCAT(A471," - ",D471) -> 10564 - MTECH SPANISH FORK A | C471: Mountainland Technical College | D471: MTECH SPANISH FORK A | E471: 693 W 1210 S, Spanish Fork, UT 84660 | F471: Spanish Fork | G471: 22963 | H471: 2006 | I471: 40725
A472: 10565 | B472: =_xlfn.CONCAT(A472," - ",D472) -> 10565 - MTECH SPANISH FORK B | C472: Mountainland Technical College | D472: MTECH SPANISH FORK B | E472: 897 W 1100 S, Spanish Fork, UT 84660 | F472: Spanish Fork | G472: 12805 | H472: 2005 | I472: 40725
A473: 10841 | B473: =_xlfn.CONCAT(A473," - ",D473) -> 10841 - MTECH LEHI A | C473: Mountainland Technical College | D473: MTECH LEHI A | E473: 2301 W Ashton Blvd, Lehi, UT 84043 | F473: Lehi | G473: 91259 | H473: 2007 | I473: 40725
A474: 13150 | B474: =_xlfn.CONCAT(A474," - ",D474) -> 13150 - MTECH LEHI D | C474: Mountainland Technical College | D474: MTECH LEHI D | E474: 2801 Ashton Blvd, Lehi, UT 84043 | F474: Lehi | G474: 6123 | H474: 2012 | I474: 41091
A475: 17263 | B475: =_xlfn.CONCAT(A475," - ",D475) -> 17263 - MTECH LEHI C | C475: Mountainland Technical College | D475: MTECH LEHI C | E475: 2301 W Ashton Blvd, , 84043 | G475: 6468 | H475: 2011 | I475: 41814
A476: 17755 | B476: =_xlfn.CONCAT(A476," - ",D476) -> 17755 - MTECH LEHI B | C476: Mountainland Technical College | D476: MTECH LEHI B | E476: 2352 W Ashton Blvd, Lehi, UT 84043 | F476: Lehi | G476: 89000 | H476: 2020 | I476: 42264
A477: 102858 | B477: =_xlfn.CONCAT(A477," - ",D477) -> 102858 - MTECH PAYSON A | C477: Mountainland Technical College | D477: MTECH PAYSON A | E477: 993 S 1950 W, Payson, UT 84651 | F477: Payson | G477: 92064 | H477: 2025 | I477: 44804
A478: 00491 | B478: =_xlfn.CONCAT(A478," - ",D478) -> 00491 - LPCC-Seedling Package/Storage | C478: Natural Resources - Forestry, Fire & State Lands | D478: LPCC-Seedling Package/Storage | E478: 271 W Bitterbrush Ln, Draper, UT 84020 | F478: Draper | G478: 10000 | H478: 1976 | I478: 40725
A479: 00492 | B479: =_xlfn.CONCAT(A479," - ",D479) -> 00492 - LPCC-Nursery Office (Draper) | C479: Natural Resources - Forestry, Fire & State Lands | D479: LPCC-Nursery Office (Draper) | E479: 271 W Bitterbrush Ln, Draper, UT 84020 | F479: Draper | G479: 2500 | H479: 1977 | I479: 40725
A480: 01758 | B480: =_xlfn.CONCAT(A480," - ",D480) -> 01758 - LPCC Cellar Building | C480: Natural Resources - Forestry, Fire & State Lands | D480: LPCC Cellar Building | E480: 271 W Bitterbrush Ln, Draper, UT 84020 | F480: Draper | G480: 5000 | H480: 1989 | I480: 40725
A481: 01760 | B481: =_xlfn.CONCAT(A481," - ",D481) -> 01760 - LPCC Quonset Building | C481: Natural Resources - Forestry, Fire & State Lands | D481: LPCC Quonset Building | E481: 271 W Bitterbrush Ln, Draper, UT 84020 | F481: Draper | G481: 3200 | H481: 1980 | I481: 40725
A482: 06954 | B482: =_xlfn.CONCAT(A482," - ",D482) -> 06954 - Little Willow Storage Tank | C482: Natural Resources - Forestry, Fire & State Lands | D482: Little Willow Storage Tank | E482: 271 W Bitterbrush Ln, Draper, UT 84020 | F482: Draper | G482: 1800 | H482: 1970 | I482: 40725
A483: 08458 | B483: =_xlfn.CONCAT(A483," - ",D483) -> 08458 - Fire Equipment Maint/Office | C483: Natural Resources - Forestry, Fire & State Lands | D483: Fire Equipment Maint/Office | E483: 271 W Bitterbrush Ln, Draper, UT 84020 | F483: Draper | G483: 2400 | H483: 1997 | I483: 40725
A484: 10615 | B484: =_xlfn.CONCAT(A484," - ",D484) -> 10615 - LPCC Wildfire Service Building | C484: Natural Resources - Forestry, Fire & State Lands | D484: LPCC Wildfire Service Building | E484: 251 W Bitterbrush Ln, Draper, UT 84020 | F484: Draper | G484: 4700 | H484: 2006 | I484: 40725
A485: 16104 | B485: =_xlfn.CONCAT(A485," - ",D485) -> 16104 - Storage Building (Cedar City Office Bldg) | C485: Natural Resources - Forestry, Fire & State Lands | D485: Storage Building (Cedar City Office Bldg) | E485: 585 N Main, Cedar City, UT 84720 | F485: Cedar City | G485: 3600 | H485: 2010 | I485: 40725
A486: 18326 | B486: =_xlfn.CONCAT(A486," - ",D486) -> 18326 - Richfield Interagency Fire Center | C486: Natural Resources - Forestry, Fire & State Lands | D486: Richfield Interagency Fire Center | E486: 2301 South Industrial Park Road, Richfield, UT 84701 | F486: Richfield | G486: 3799 | H486: 2019 | I486: 43412
A487: 18560 | B487: =_xlfn.CONCAT(A487," - ",D487) -> 18560 - Tioga Outhouse | C487: Natural Resources - Forestry, Fire & State Lands | D487: Tioga Outhouse | E487: Bear Lake Docks, Garden City, UT 84032 | F487: Garden City | G487: 171 | H487: 2016 | I487: 43621
... A490: 102852 | B490: =_xlfn.CONCAT(A490," - ",D490) -> 102852 - Richfield Fire Cache | C490: Natural Resources - Forestry, Fire & State Lands | D490: Richfield Fire Cache | E490: 2071 Industrial Park Road, Richfield, UT 84701 United States | F490: Richfield | G490: 11637 | H490: 2023 | I490: 44804
A491: 05959 | B491: =_xlfn.CONCAT(A491," - ",D491) -> 05959 - LPCC Pesticide Building | C491: Natural Resources - Forestry, Fire & State Lands | D491: LPCC Pesticide Building | G491: 192 | H491: 1951 | I491: 40725
A492: 109465 | B492: =_xlfn.CONCAT(A492," - ",D492) -> 109465 - San Rafael Energy Lab | C492: Natural Resources - Office of Energy Development | D492: San Rafael Energy Lab | E492: 800 North Coal Haul Road, Orangeville, UT 84537 | F492: Orangeville | G492: 40000 | H492: 1980 | I492: 45706
A493: 04842 | B493: =_xlfn.CONCAT(A493," - ",D493) -> 04842 - Maintenance Shop Building | C493: Natural Resources - Outdoor Recreation | D493: Maintenance Shop Building | E493: 1594 W North Temple, Salt Lake City, UT 84116 | F493: Salt Lake City | G493: 33200 | H493: 1985 | I493: 40725
A494: 09116 | B494: =_xlfn.CONCAT(A494," - ",D494) -> 09116 - Maintenance Building (Monte Cristo) | C494: Natural Resources - Outdoor Recreation | D494: Maintenance Building (Monte Cristo) | E494: P O Box 131, Huntsville, UT 84317 | F494: Huntsville | G494: 3600 | H494: 1999 | I494: 40725
A495: 09149 | B495: =_xlfn.CONCAT(A495," - ",D495) -> 09149 - Office/Maintenance Building | C495: Natural Resources - Outdoor Recreation | D495: Office/Maintenance Building | E495: 751 Lakeshore Dr (PO Box 4883), Page, AZ 86040 | F495: Page | G495: 3000 | H495: 2000 | I495: 40725
A496: 09452 | B496: =_xlfn.CONCAT(A496," - ",D496) -> 09452 - Bullfrog Storage | C496: Natural Resources - Outdoor Recreation | D496: Bullfrog Storage | E496: Behind Units #601A & B, Bullfrog Marina, UT 84533 | F496: Bullfrog Marina | G496: 1000 | H496: 2001 | I496: 40725
A497: 09453 | B497: =_xlfn.CONCAT(A497," - ",D497) -> 09453 - Bullfrog Office/Residence | C497: Natural Resources - Outdoor Recreation | D497: Bullfrog Office/Residence | E497: Unit #601A & 601B, Bullfrog Marina, UT 84533 | F497: Bullfrog Marina | G497: 2500 | H497: 2001 | I497: 40725
...
